 Dungeon Crawl Stone Soup version 0.16.2-12-gd0ad4c3 (webtiles) character file.

2182 faibistes the Thaumaturge (level 9, -13/45 HPs)
             Began as a Deep Elf Wizard on Feb 21, 2018.
             Was a Priest of Sif Muna.
             Shot with a bolt by an orc warrior (27 damage)
             ... in a bailey.
             The game lasted 00:26:48 (10370 turns).

faibistes the Thaumaturge (Deep Elf Wizard)        Turns: 10370, Time: 00:26:48

Health: -13/45     AC:  7    Str:  4    XL:     9   Next: 11%
Magic:  23/29      EV: 14    Int: 27    God:    Sif Muna [***...]
Gold:   395        SH:  0    Dex: 13    Spells: 6 memorised, 12 levels left

rFire  + . .     SeeInvis .     w - +2 dagger (venom)
rCold  + . .     Clarity  .     v - +2 robe {rC+ rF+}
rNeg   . . .     SustAb   .     (no shield)
rPois  .         Gourm    .     b - +0 hat
rElec  .         Spirit   .     (no cloak)
rCorr  .         Warding  .     (no gloves)
rMut   +         Stasis   .     t - +2 pair of boots
MR     .....                    q - amulet of resist mutation
Stlth  ++........               (no ring)
                                i - ring of flight

@: repel missiles, not resistant to hostile enchantments, unstealthy
A: no striking features
a: Channel Energy, Forget Spell, Renounce Religion, Evoke Flight


You were in a bailey.
You worshipped Sif Muna.
Sif Muna was most pleased with you.
You were not hungry.

You visited 1 branch of the dungeon, and saw 8 of its levels.
You also visited: Sewer and Bailey.

You collected 467 gold pieces.
You spent 72 gold pieces at shops.

Inventory:

Hand weapons
 w - a +2 dagger of venom (weapon)
 x - a +0 dagger
 A - a +0 dagger of venom
Armour
 a - a +0 robe
 b - a +0 hat (worn)
 t - a +2 pair of boots (worn)
 v - a +2 robe of resistance (worn)
Jewellery
 i - a ring of flight (left hand)
 q - an amulet of resist mutation (around neck)
 r - an uncursed ring of fire
Magical devices
 e - a wand of draining (4)
 k - a wand of magic darts (27)
 m - a wand of invisibility (3)
 F - a wand of flame (40)
 G - a wand of frost (24)
 H - a wand of fire (10)
Scrolls
 h - 3 scrolls of magic mapping
 l - a scroll of teleportation
 s - 3 scrolls of fog
 y - 2 scrolls of enchant armour
 D - a scroll of blinking
Potions
 g - a potion of magic
 j - a potion of berserk rage
 n - 2 potions of might {unknown}
 o - a potion of restore abilities
 p - 2 potions of agility
 z - a potion of invisibility {unknown}
 B - 2 potions of lignification {unknown}
 C - 3 potions of curing
 E - a potion of resistance {unknown}
Books
 c - a book of Minor Magic

   Spells                             Type                      Level
   a - Magic Dart                     Conjuration                  1
   b - Blink                          Translocation                2
   c - Call Imp                       Summoning                    2
   d - Repel Missiles                 Charms/Air                   2
   e - Slow                           Hexes                        2
   f - Conjure Flame                  Conjuration/Fire             3
   g - Mephitic Cloud                 Conjuration/Poison/Air       3
Comestibles
 d - 5 bread rations
 f - 2 slices of pizza
 u - 2 meat rations


   Skills:
 + Level 5.5 Dodging
 - Level 2.4 Stealth
 * Level 8.8 Spellcasting
 * Level 6.3 Conjurations
 - Level 4.1 Summonings
 - Level 2.3 Translocations
 - Level 3.6 Fire Magic
 * Level 4.4 Air Magic
 + Level 2.7 Poison Magic


You had 12 spell levels left.
You knew the following spells:

 Your Spells              Type           Power        Failure   Level  Hunger
a - Magic Dart            Conj           ####         1%          1    None
b - Conjure Flame         Conj/Fire      #####...     1%          3    None
c - Call Imp              Summ           ####....     1%          2    None
d - Blink                 Tloc           N/A          2%          2    None
e - Mephitic Cloud        Conj/Pois/Air  #####...     2%          3    None
f - Repel Missiles        Chrm/Air       ###...       3%          2    None


Dungeon Overview and Level Annotations

Branches:
Dungeon (10/15)
 Temple: D:4-7         Lair: D:8-11         Orc: D:9-12

Altars:
Ashenzari
Fedhas
Makhleb
Okawaru
Qazlal
Sif Muna
Vehumet
Yredelemnul

Shops:
D:4 *   D:6 !


Message History

The ball explodes into a vile cloud!
The stinking cloud engulfs the orc warrior.
The orc warrior shouts!
You hear a shout!
The orc warrior shoots a bolt.
The bolt hits you!!
Ouch! That really hurt!
The orc warrior is engulfed in noxious fumes.
The orc warrior appears confused.
The orc warrior falls into the water!
The orc warrior drowns.
You hear a splash. x3
Casting: Mephitic Cloud
Confirm with . or Enter, or press ? or * to list all spells.
Aiming: Mephitic Cloud
Press: ? - help, Shift-Dir - straight line, f - orc warrior
Aim: an orc warrior, wielding an arbalest and wearing a ring mail The ball explodes into a vile cloud!
The stinking cloud engulfs the orc warrior.
The orc warrior is engulfed in noxious fumes.
The orc warrior shoots a bolt.
The bolt hits you!!
Ouch! That really hurt!
You die...

... ......≈
......≈≈
#......§##
#......≈§
#......§## #
#......≈≈#o#≈≈
#.......≈§≈≈≈..
#.....@........
#..............
#...(.........
#.............
#.∩...........
#∩...........
############


You could see an orc warrior.

Vanquished Creatures
  A hungry ghost (D:10)
  A water moccasin (D:6)
  2 ice beasts
  Purgy (Sewer)
  2 orc warriors
  A phantom (D:7)
  2 ogres
  A big kobold (D:7)
  6 hounds
  A crimson imp (D:7)
  2 orc priests (D:5)
  8 orc wizards
  4 jellies
  An iguana (D:5)
  4 worker ants
  A hound zombie (D:6)
  7 adders
  8 gnolls
  A giant mite (D:4)
  3 shadow imps
  6 worms
  An adder skeleton (D:7)
  5 giant geckos
  An ooze (D:5)
  31 orcs
  2 ball pythons
  14 bats
  A bat zombie (D:5)
  14 goblins
  14 hobgoblins
  4 quokkas
  8 giant cockroaches
  3 giant newts
  12 jackals
  A jackal skeleton (D:3)
  A jackal zombie (D:6)
  25 kobolds
  A quokka skeleton (D:4)
  17 rats
  A spectral orc (D:2)
219 creatures vanquished.

Vanquished Creatures (collateral kills)
  An iguana (D:4)
  An adder (D:3)
2 creatures vanquished.

Vanquished Creatures (others)
  A giant spore (D:5)
1 creature vanquished.

Grand Total: 222 creatures vanquished

Notes
Turn   | Place    | Note
--------------------------------------------------------------
     0 | D:1      | faibistes, the Deep Elf Wizard, began the quest for the Orb.
     0 | D:1      | Reached XP level 1. HP: 10/10 MP: 6/6
   317 | D:2      | Found a stormy altar of Qazlal.
   322 | D:2      | Found a blossoming altar of Fedhas.
   322 | D:2      | Found a deep blue altar of Sif Muna.
   689 | D:1      | Reached XP level 2. HP: 15/15 MP: 5/10
   732 | D:1      | Learned a level 2 spell: Blink
   735 | D:1      | Learned a level 2 spell: Call Imp
   803 | D:2      | Became a worshipper of Sif Muna the Loreminder
  1137 | D:2      | Reached skill level 5 in Spellcasting
  1137 | D:2      | Reached XP level 3. HP: 2/19 MP: 0/14
  1472 | D:3      | Learned a level 2 spell: Repel Missiles
  1476 | D:3      | Learned a level 3 spell: Conjure Flame
  1662 | D:4      | Reached XP level 4. HP: 24/24 MP: 9/17
  1667 | D:4      | Learned a level 3 spell: Mephitic Cloud
  1810 | D:4      | Found a glowing drain.
  1815 | Sewer    | Entered a sewer
  1891 | Sewer    | Noticed Purgy
  1906 | Sewer    | Killed Purgy
  1906 | Sewer    | Acquired Sif Muna's first power
  1906 | Sewer    | Reached skill level 6 in Spellcasting
  1906 | Sewer    | Reached XP level 5. HP: 14/28 MP: 13/20
  2767 | D:2      | Found a basalt altar of Yredelemnul.
  3626 | D:3      | Reached XP level 6. HP: 25/32 MP: 12/22
  3827 | D:3      | Found a radiant altar of Vehumet.
  4855 | D:5      | Entered Level 5 of the Dungeon
  4880 | D:4      | Reached skill level 1 in Air Magic
  5116 | D:5      | Reached skill level 1 in Fire Magic
  5474 | D:5      | Reached XP level 7. HP: 32/36 MP: 15/24
  5687 | D:5      | Reached skill level 7 in Spellcasting
  5785 | D:4      | Found a burning altar of Makhleb.
  5810 | D:4      | Found Pnue's Serpentskin Sales.
  5930 | D:4      | Found a shattered altar of Ashenzari.
  6786 | D:5      | Acquired Sif Muna's second power
  6786 | D:5      | Reached skill level 5 in Conjurations
  7414 | D:6      | Reached skill level 1 in Poison Magic
  7501 | D:5      | Reached XP level 8. HP: 21/41 MP: 11/27
  8220 | D:5      | Found an iron altar of Okawaru.
  8661 | D:6      | Found Sarhis' Distillery.
  8670 | D:6      | Reached skill level 8 in Spellcasting
  8822 | D:6      | Reached skill level 5 in Dodging
  8956 | D:6      | Bought a potion of curing for 36 gold pieces
  8956 | D:6      | Bought a potion of curing for 36 gold pieces
 10191 | D:7      | You fall through a shaft for 3 floors!
 10191 | D:10     | Entered Level 10 of the Dungeon
 10209 | D:10     | Found a flagged portal.
 10227 | D:10     | Reached XP level 9. HP: 45/45 MP: 12/29
 10364 | Bailey   | Entered a bailey
 10370 | Bailey   | Shot with a bolt by an orc warrior

Action                   |  1- 3 |  4- 6 |  7- 9 || total
-------------------------+-------+-------+-------++-------
Melee: Unarmed           |       |     1 |       ||     1
       Dagger            |       |       |    11 ||    11
 Cast: Magic Dart        |    67 |   232 |   340 ||   639
       Call Imp          |     4 |       |       ||     4
       Conjure Flame     |       |     6 |    16 ||    22
       Repel Missiles    |       |     2 |       ||     2
       Mephitic Cloud    |       |    12 |     9 ||    21
       Blink             |       |     7 |    12 ||    19
Evoke: Wand              |       |       |     2 ||     2
  Use: Scroll            |     5 |     4 |     7 ||    16
       Potion            |       |       |     1 ||     1
  Eat: Chunk             |     2 |    11 |    15 ||    28
